 Dungeon Crawl Stone Soup version 0.26.1-2-gb8aa6d0cf2 (webtiles) character file.

Game seed: 14984926910857406902

113379 Almogavar the Warrior (level 16, -3/243 HPs)
             Began as a Minotaur Berserker on Mar 22, 2021.
             Was a High Priest of Trog.
             Killed from afar by a will-o-the-wisp (11 damage)
             ... with a foxfire
             ... on level 1 of the Swamp.
             The game lasted 01:25:23 (26689 turns).

Almogavar the Warrior (Minotaur Berserker)         Turns: 26689, Time: 01:25:23

Health: -3/243     AC: 28    Str: 36    XL:     16   Next: 13%
Magic:  15/15      EV:  2    Int:  4    God:    Trog [*****.]
Gold:   2053       SH:  4    Dex: 11    Spells: 15/15 levels left

rFire    . . .     SeeInvis .   F - +4 scimitar (flame)
rCold    . . .     Faith    .   b - +0 buckler
rNeg     + + +     Spirit   .   (armour currently unavailable)
rPois    +         Reflect  .   (helmet currently unavailable)
rElec    .         Harm     .   (cloak currently unavailable)
rCorr    .         Rampage  .   (gloves currently unavailable)
Will     +....     NoTele   +   (boots currently unavailable)
Stlth    +.........             P - amulet of regeneration
HPRegen  0.90/turn              c - +6 ring of strength
MPRegen  0.14/turn              U - ring "Ucrokeuv" {rPois Str+2}

@: tree-form, attractive
A: (retaliatory headbutt)
a: Renounce Religion, Berserk, Trog's Hand, Brothers in Arms


You were on level 1 of the Swamp.
You worshipped Trog.
Trog was extremely pleased with you.
You were a tree.
You visited 4 branches of the dungeon, and saw 24 of its levels.

You collected 2478 gold pieces.
You spent 425 gold pieces at shops.

Inventory:

Hand Weapons
 e - a +0 hunting sling
 F - a +4 scimitar of flaming (weapon)
Missiles
 k - 631 stones
 y - 165 sling bullets
Armour
 b - a +0 buckler (worn)
 r - a +0 cloak (melded)
 B - a +0 pair of boots (melded)
 D - the +3 hat of Pondering (melded) {ponderous, Will+ MP+10 Int+5}
   (You took it off Gastronok on level 1 of the Lair of Beasts)

   It affects your intelligence (+5).
   It affects your willpower, your defense against some magical effects.
   It affects your magic capacity (+10).
 I - the +7 scale mail "Jueck" {rC+}
   (You found it on level 7 of the Dungeon)

   It protects you from cold.
 J - the +8 orange crystal plate armour (melded) {Archmagi, Int+3 Clar}
   (You found it on level 1 of the Lair of Beasts)

   It affects your intelligence (+3).
   It protects you against confusion.
 N - the +0 pair of gloves of Duck's Teeth (melded) {rElec}
   (You bought it in a shop on level 2 of the Orcish Mines)

   It insulates you from electricity.
 Y - +0 acid dragon scales
 Z - +0 shadow dragon scales
Jewellery
 c - a +6 ring of strength (left branch)
 d - an uncursed ring of resist corrosion
 C - an uncursed ring of see invisible
 M - an uncursed ring of protection from cold
 O - a +4 ring of evasion
 P - an amulet of regeneration (around neck)
 U - the ring "Ucrokeuv" (right branch) {rPois Str+2}
   (You found it on level 14 of the Dungeon)

   [ring of poison resistance]

   It affects your strength (+2).
   It protects you from poison.
Wands
 n - a wand of flame (53)
 o - a wand of acid (27)
 t - a wand of disintegration (34)
 R - a wand of iceblast (15)
Scrolls
 f - 4 scrolls of enchant armour
 i - 5 scrolls of enchant weapon
 j - 2 scrolls of brand weapon
 l - 6 scrolls of fog
 p - 8 scrolls of teleportation
 s - 12 scrolls of remove curse
 v - 6 scrolls of blinking
 x - 3 scrolls of fear
 G - 2 scrolls of acquirement {unknown}
 L - 4 scrolls of summoning
 T - a scroll of magic mapping
Potions
 a - 6 potions of lignification
 g - 2 potions of invisibility {unknown}
 h - 4 potions of attraction
 m - 3 potions of haste {unknown}
 q - 3 potions of might {unknown}
 u - a potion of magic {unknown}
 z - 4 potions of curing {unknown}
 H - 2 potions of heal wounds {unknown}
 K - a potion of flight {unknown}
 Q - a potion of cancellation {unknown}
 V - a potion of berserk rage {unknown}
 W - a potion of ambrosia {unknown}
Miscellaneous
 A - a lightning rod (4/4)
 S - a phantom mirror


   Skills:
 + Level 19.8 Fighting
 - Level 14.1 Long Blades
 * Level 11.4 Slings
 + Level 16.2 Armour
 + Level 8.7 Dodging
 - Level 4.1 Shields
 + Level 6.0 Evocations


You had 15 spell levels left.
You didn't know any spells.
Your spell library was empty.

Dungeon Overview and Level Annotations

Branches:
Dungeon (15/15)            Temple (0/1) D:7            Lair (6/6) D:10
  Swamp (1/4) Lair:3        Snake (0/4) Lair:3        Slime (0/5) Lair:5
    Orc (2/2) D:10            Elf (0/3) Orc:2        Vaults (0/5) D:14
 Depths (0/5) D:15

Altars:
Ashenzari
Dithmenos
Elyvilon
Fedhas
Gozag
Hepliaklqana
Kikubaaqudgha
Makhleb
Qazlal
Sif Muna
Beogh
Jiyva

Shops:
D:4 *   Orc:2 *([*

Annotations:
Swamp:1 Kirke


Innate Abilities, Weirdness & Mutations

((You reflexively headbutt those who attack you in melee.))
((You have a pair of horns on your head.))


Message History

The hog bites you.
* * * LOW HITPOINT WARNING * * *
The swamp worm fires a harpoon shot at you.
The harpoon shot hits you!
* * * LOW HITPOINT WARNING * * *
The will-o-the-wisp gestures.
The will-o-the-wisp conjures some foxfire!
The swamp worm bites you but does no damage.
Something hits you but does no damage. 2 foxfires come into view.
It was a potion of attraction.
You feel attractive to monsters.
The foxfire enters a dispersal trap!
The will-o-the-wisp blinks!
The hog blinks!
The foxfire blinks!
The swamp worm blinks! x2
The will-o-the-wisp blinks! x2; The hog blinks!
The swamp worm blinks!
The foxfire blinks!
The foxfire hits you but does no damage.
The swamp worm bites you but does no damage.
The foxfire hits you!
You die...

≈≈≈≈♣≈≈≈≈≈
≈..≈≈..≈≈≈≈≈♣
≈≈≈≈≈..♣≈♣≈.♣
.≈≈≈§≈≈≈....♣
.≈≈≈w≈§≈≈§≈.♣
...§≈§{≈≈≈≈.♣
...≈≈≈≈§≈≈..♣
.≈..≈§§w..!.♣
§..≈≈§v♣§.≈.♣
≈..≈h§§v§...♣
...§.≈≈§...≈♣♣
.≈≈≈..§......♣
.≈≈≈..≈♣♣.≈≈♣♣
♣≈..?≈≈♣.>.<♣
♣♣♣≈♣♣...≈≈.♣
♣♣ ♣♣..≈≈.♣
♣♣....♣


You could see a will-o-the-wisp, 2 swamp worms and a hog.

Vanquished Creatures
  Gastronok (Lair:1)
  A shadow dragon (D:14)
  Frances (D:14)
  An orc warlord (Orc:1)
  Louise (D:15)
  A deep elf annihilator (D:14)
  Josephine (D:15)
  A fire dragon (D:15)
  A yaktaur captain (D:15)
  4 vault guards (D:14)
  14 hydras
  6 centaur warriors
  3 boulder beetles
  A two-headed ogre (D:10)
  The ghost of Ydoji the Spry, a journeyman FeBe of Trog (Lair:6)
  2 catoblepae
  11 death yaks
  Urug (Lair:1)
  A tengu warrior (D:15)
  2 orc high priests
  A deep elf knight (D:14)
  An unseen horror (D:15)
  A goliath frog (Swamp:1)
  A lindwurm (Lair:6)
  An orc knight (D:15)
  A deep elf mage (D:15)
  11 ugly things
  3 orc sorcerers
  5 manticores
  9 elephants
  A cyclops (D:14)
  A centaur zombie (D:14)
  Maurice (D:13)
  Psyche (D:8)
  5 gargoyles
  6 black mambas
  A torpor snail (Lair:5)
  20 cane toads
  7 komodo dragons
  3 rime drakes
  An efreet (D:13)
  A yaktaur (D:15)
  2 tengu conjurers
  7 trolls
  3 polar bears (Lair:6)
  8 hornets
  11 blink frogs
  15 slime creatures
  Prince Ribbit (D:5)
  2 meliai zombies
  8 dream sheep (Lair:5)
  A vampire (D:14)
  4 shadows
  6 wyverns
  7 wraiths
  2 hogs (Swamp:1)
  25 spriggans
  51 yaks
  Grum (D:8)
  4 basilisks
  12 vampire mosquitoes
  A warg (Orc:1)
  An acid dragon (D:14)
  A soldier ant (D:13)
  17 water moccasins
  2 ice beasts
  29 orc warriors
  3 necrophages
  An eye of draining (D:15)
  4 sky beasts
  2 phantoms
  14 ogres
  9 black bears
  8 boggarts
  19 centaurs
  25 wolves
  2 big kobolds
  24 bullfrogs
  3 wyvern zombies
  6 scorpions
  A wyvern skeleton (D:13)
  19 wights
  3 electric eels (D:10)
  3 howler monkeys
  12 hounds
  3 jellies
  20 orc wizards
  20 orc priests
  3 bullfrog skeletons
  7 centaur skeletons
  A gnoll shaman (D:8)
  7 iguanas
  12 worker ants
  A hound zombie (D:6)
  2 hound skeletons
  A howler monkey zombie (D:11)
  2 worker ant zombies
  A howler monkey skeleton (D:8)
  11 gnolls
  14 adders
  A shadow imp (D:5)
  2 white imps
  2 ufetubi (D:5)
  An ooze (D:3)
  3 adder skeletons
  3 worms
  A dart slug (D:3)
  4 leopard geckos
  81 orcs
  5 bats
  8 giant cockroaches
  7 goblins
  7 hobgoblins
  3 jackals (D:3)
  5 quokkas
  2 ball pythons
  5 frilled lizards
  17 kobolds
  A leopard gecko zombie (D:6)
  4 rats
783 creatures vanquished.

Vanquished Creatures (others)
  A bullfrog (D:10)
  9 foxfires (Swamp:1)
  8 fungi
  14 plants
32 creatures vanquished.

Grand Total: 815 creatures vanquished

Notes
Turn   | Place    | Note
-------+----------+-------------------------------------------
     0 | D:1      | Almogavar the Minotaur Berserker began the quest for the
                  | Orb.
     0 | D:1      | Reached XP level 1. HP: 19/19 MP: 0/0
   432 | D:1      | Reached XP level 2. HP: 26/27 MP: 1/1
   509 | D:1      | Reached skill level 4 in Fighting
  1318 | D:2      | Found a broken altar of Ashenzari.
  1447 | D:2      | Reached XP level 3. HP: 33/33 MP: 2/2
  1782 | D:3      | Reached ** piety under Trog
  1901 | D:3      | Reached skill level 5 in Long Blades
  1901 | D:3      | Reached XP level 4. HP: 41/41 MP: 3/3
  1940 | D:3      | Paralysed by an orc for 3 turns
  1951 | D:3      | Paralysed by an orc for 5 turns
  2277 | D:3      | Reached XP level 5. HP: 32/47 MP: 4/4
  3144 | D:4      | Found Osuviloi's General Store.
  3157 | D:4      | Noticed a sky beast
  3158 | D:4      | Noticed an ogre
  3160 | D:4      | Noticed a phantom
  3163 | D:4      | Killed an ogre
  3164 | D:4      | Reached skill level 5 in Fighting
  3171 | D:4      | Killed a sky beast
  3172 | D:4      | Reached skill level 1 in Shields
  3172 | D:4      | Reached XP level 6. HP: 56/56 MP: 5/5
  3267 | D:4      | Bought a +0 cloak for 63 gold pieces
  3423 | D:4      | Reached XP level 7. HP: 61/61 MP: 6/6
  3736 | D:4      | Reached skill level 5 in Armour
  4203 | D:4      | Reached *** piety under Trog
  4244 | D:4      | Found a burning altar of Makhleb.
  4249 | D:4      | Reached skill level 6 in Fighting
  4503 | D:5      | Entered Level 5 of the Dungeon
  4545 | D:5      | Found a blossoming altar of Fedhas.
  4681 | D:5      | Reached XP level 8. HP: 53/70 MP: 7/7
  4731 | D:5      | Found a white marble altar of Elyvilon.
  5071 | D:5      | Noticed Prince Ribbit
  5270 | D:5      | Reached **** piety under Trog
  5342 | D:5      | Killed Prince Ribbit
  5343 | D:5      | Reached skill level 1 in Slings
  6149 | D:6      | Found an ancient bone altar of Kikubaaqudgha.
  6252 | D:6      | Found a hazy altar of Hepliaklqana.
  6252 | D:6      | Found a shimmering blue altar of Sif Muna.
  6574 | D:7      | Reached skill level 7 in Fighting
  6679 | D:7      | Reached XP level 9. HP: 79/79 MP: 8/8
  7171 | D:7      | Found a staircase to the Ecumenical Temple.
  7321 | D:7      | Reached skill level 10 in Long Blades
  7524 | D:7      | Got a dazzling scale mail
  7652 | D:7      | Identified the +7 scale mail "Jueck" {rC+} (You found it on
                  | level 7 of the Dungeon)
  7712 | D:8      | Noticed Grum
  7730 | D:8      | Killed Grum
  8140 | D:8      | Found a stormy altar of Qazlal.
  8296 | D:8      | Noticed Psyche
  8303 | D:8      | Killed Psyche
  8552 | D:7      | Reached XP level 10. HP: 80/86 MP: 7/9
  9043 | D:9      | Reached skill level 8 in Fighting
 10111 | D:10     | Entered Level 10 of the Dungeon
 10214 | D:10     | Found a staircase to the Orcish Mines.
 10232 | D:10     | Reached ***** piety under Trog
 10522 | D:10     | Noticed a boulder beetle
 10533 | D:10     | Killed a boulder beetle
 10534 | D:10     | Reached skill level 5 in Dodging
 10541 | D:10     | Reached skill level 9 in Fighting
 10733 | D:10     | Noticed a gargoyle
 10744 | D:10     | Killed a gargoyle
 11252 | D:10     | Noticed a gargoyle
 11262 | D:10     | Killed a gargoyle
 11263 | D:10     | Reached XP level 11. HP: 74/97 MP: 5/10
 11882 | D:10     | Found a staircase to the Lair.
 12038 | D:10     | You fall into a shaft and drop 2 floors!
 12089 | D:12     | Found a broken altar of Ashenzari.
 12237 | D:10     | Noticed a two-headed ogre
 12248 | D:10     | Killed a two-headed ogre
 12248 | D:10     | Received a gift from Trog
 12249 | D:10     | Reached skill level 5 in Slings
 12249 | D:10     | Reached skill level 10 in Armour
 12419 | Orc:1    | Entered Level 1 of the Orcish Mines
 12808 | Orc:2    | Entered Level 2 of the Orcish Mines
 12992 | Orc:2    | Reached skill level 10 in Fighting
 13184 | Orc:2    | Found a staircase to the Elven Halls.
 13393 | Orc:2    | Noticed an orc sorcerer
 13409 | Orc:2    | Killed an orc sorcerer
 13516 | Orc:2    | Found a roughly hewn altar of Beogh.
 13971 | Orc:2    | Noticed an orc high priest
 13972 | Orc:2    | Noticed an orc sorcerer
 13973 | Orc:2    | Noticed an orc warlord
 14552 | Orc:2    | Noticed a soul eater
 14552 | Orc:2    | Noticed a sixfirhy
 14573 | Orc:1    | Killed an orc warlord
 14671 | Orc:1    | Noticed a soul eater
 14671 | Orc:1    | Noticed a sun demon
 14671 | Orc:1    | Killed an orc high priest
 15007 | Orc:2    | Killed an orc sorcerer
 15008 | Orc:2    | Reached skill level 11 in Fighting
 15008 | Orc:2    | Reached skill level 1 in Evocations
 15188 | Orc:2    | Found a roughly hewn altar of Beogh.
 15413 | Orc:2    | Found a roughly hewn altar of Beogh.
 15495 | Orc:2    | Found a roughly hewn altar of Beogh.
 15626 | Orc:2    | Found a roughly hewn altar of Beogh.
 15649 | Orc:2    | Found Bepihiqa's Assorted Antiques.
 15689 | Orc:2    | Reached XP level 12. HP: 93/110 MP: 9/11
 15835 | Orc:2    | Found Extaiph's Antique Weapon Emporium.
 15836 | Orc:2    | Found a roughly hewn altar of Beogh.
 15837 | Orc:2    | Found Ladghac's Antique Armour Shoppe.
 15850 | Orc:2    | Bought a pair of twisted gloves for 266 gold pieces
 15855 | Orc:2    | Identified the +0 pair of gloves of Duck's Teeth {rElec}
                  | (You bought it in a shop on level 2 of the Orcish Mines)
 15922 | Orc:2    | Found a roughly hewn altar of Beogh.
 15922 | Orc:2    | Noticed an orc high priest
 15923 | Orc:2    | Found Seirupt's Assorted Antiques.
 15948 | Orc:2    | Killed an orc high priest
 16027 | Orc:2    | Bought a scroll of teleportation for 96 gold pieces
 16111 | Lair:1   | Entered Level 1 of the Lair of Beasts
 16180 | Lair:1   | Noticed Urug
 16189 | Lair:1   | Reached skill level 12 in Fighting
 16195 | Lair:1   | Killed Urug
 16521 | Lair:1   | Noticed Gastronok
 16542 | Lair:1   | Killed Gastronok
 16738 | Lair:1   | Noticed a five-headed hydra
 16742 | Lair:1   | Killed a two-headed hydra
 16743 | Lair:1   | Reached skill level 13 in Fighting
 16835 | Lair:1   | Found the +8 orange crystal plate armour {Archmagi, Int+3
                  | Clar}
 17839 | Lair:2   | Reached skill level 5 in Evocations
 17844 | Lair:2   | Reached skill level 14 in Fighting
 17914 | Lair:3   | Reached XP level 13. HP: 124/124 MP: 12/12
 17917 | Lair:3   | Found a staircase to the Snake Pit.
 17968 | Lair:3   | Found a staircase to the Swamp.
 18543 | Lair:4   | Received a gift from Trog
 18928 | Lair:4   | Reached skill level 15 in Fighting
 19939 | Lair:5   | Received a gift from Trog
 19992 | Lair:5   | Found a staircase to the Slime Pits.
 19992 | Lair:5   | Found a viscous altar of Jiyva.
 20356 | Lair:6   | Entered Level 6 of the Lair of Beasts
 20373 | Lair:6   | Reached XP level 14. HP: 136/136 MP: 13/13
 20387 | Lair:6   | Reached skill level 16 in Fighting
 20964 | Lair:6   | Reached ****** piety under Trog
 20964 | Lair:6   | Received a gift from Trog
 20990 | Lair:6   | Reached skill level 17 in Fighting
 21315 | Lair:6   | Found a transporter.
 21331 | Lair:6   | Found a transporter.
 21331 | Lair:6   | Noticed Ydoji's ghost (journeyman FeBe)
 21670 | Lair:6   | Received a gift from Trog
 21678 | Lair:6   | Killed Ydoji's ghost
 22363 | D:11     | Found a portal to a secret trove of treasure.
 23300 | D:12     | Reached XP level 15. HP: 149/149 MP: 14/14
 23434 | D:12     | Reached skill level 18 in Fighting
 23485 | D:13     | Reached skill level 10 in Slings
 23503 | D:13     | Found a shadowy altar of Dithmenos.
 23885 | D:13     | Received a gift from Trog
 23953 | D:13     | Noticed Maurice
 23961 | D:13     | Killed Maurice
 23971 | D:13     | Reached skill level 15 in Armour
 24252 | D:14     | Noticed Frances
 24276 | D:14     | Killed Frances
 24552 | D:14     | Reached skill level 19 in Fighting
 24611 | D:14     | Found a gate to the Vaults.
 24825 | D:14     | Noticed a shadow dragon
 24844 | D:14     | Killed a shadow dragon
 24902 | D:14     | Got an ancient marble ring
 24904 | D:14     | Identified the ring "Ucrokeuv" {rPois Str+2} (You found it
                  | on level 14 of the Dungeon)
 25101 | D:15     | Entered Level 15 of the Dungeon
 25148 | D:15     | Noticed Josephine
 25157 | D:15     | Killed Josephine
 25221 | D:15     | Found an opulent altar of Gozag.
 25814 | D:15     | Received a gift from Trog
 25899 | D:15     | Noticed Louise
 25917 | D:15     | Killed Louise
 25918 | D:15     | Reached XP level 16. HP: 160/161 MP: 15/15
 26134 | D:15     | Found a staircase to the Depths.
 26635 | Swamp:1  | Entered Level 1 of the Swamp
 26668 | Swamp:1  | Noticed Kirke
 26688 | Swamp:1  | HP: 7/243 [swamp worm/harpoon shot (17)]
 26689 | Swamp:1  | Killed from afar by a will-o-the-wisp

Illustrated notes

Levels and vault maps discovered:
D:1:      dpeg_arrival_rhombi, layout_basic, amcnicky_mini_corridor_feature,
          grunt_decor_clamped, minmay_misc_feat_encased
D:2:      layout_basic, lemuel_coloured_pillars_altar, kennysheep_potato
D:3:      layout_rooms, serial_co_window_serial, co_window_of_opportunity_a,
          co_window_of_opportunity_a, co_window_cross_1, co_window_corner_a,
          co_window_paths_a, co_window_paths_a, co_window_of_opportunity_a,
          co_window_2corner, co_window_unsneaky_path_d, co_window_2corner,
          co_window_paths_d, minmay_misc_feat_roman
D:4:      minmay_inner_zag, layout_basic, makhleb_blood_cavern_becter,
          serial_shops, shop_statue, minivault_4
D:5:      layout_loops_ring, elyvilon_altar_5, lemuel_doored_altar,
          minmay_checkerbox, uniq_prince_ribbit1
D:6:      layout_cave_pools, grunt_temple_overflow_open
D:7:      layout_basic, minmay_temple_entry_poolview
D:8:      layout_gridville, overflow_temple_1_default, uniq_grum, uniq_psyche
D:9:      layout_grid_maze
D:10:     layout_roguey, erik_lair_island, david_orc_2
D:11:     layout_gridville, enter_trove_3
D:12:     layout_grid_maze, basic_altar, serial_rivers,
          chequers_serial_rivers_small_a, chequers_serial_rivers_small_b,
          chequers_serial_rivers_large_a, chequers_serial_rivers_micro_b,
          chequers_serial_rivers_micro_d
D:13:     layout_roguey, basic_altar, uniq_maurice
D:14:     layout_rooms, lightli_vaults_fourway_checkpoint,
          minmay_staircase_bubble, wad_scary_box, uniq_frances
D:15:     grunt_enter_depths_snipers, layout_rooms,
          hangedman_abyss_or_decor_stagger, serial_co_window_serial,
          co_window_paths_a, co_window_cross_1, co_window_cross_1,
          co_window_paths_a, co_window_of_opportunity_a, co_window_broadway_c,
          co_window_2corner, co_window_of_opportunity_c, co_window_paths_c,
          co_window_corner_cb, co_window_broadway_a, co_window_unsneaky_path_e,
          glass_columns_a, glass_columns_c, glass_columns_a, basic_altar,
          uniq_josephine, uniq_louise
Lair:1:   layout_gridlike, grunt_megastairs_3, uniq_gastronok, uniq_urug
Lair:2:   layout_roguey
Lair:3:   layout_long_grid, swamp_mist_pool, dummy_snake_entry
Lair:4:   kb_forest_paths, layout_big_grid, grunt_forest_small_clearing_treed
Lair:5:   layout_long_grid, slime_altar_1
Lair:6:   minmay_lair_end_enchanted_forest, layout_long_grid,
          gammafunk_ghost_arena, st_stairs_4
Swamp:1:  layout_basic_swamp, hangedman_swamp_pad, swamp_pool1, uniq_kirke
Orc:1:    layout_caves, serial_shops, nicolae_shop_window_shopping, basic_altar,
          lemuel_statue_altar
Orc:2:    grunt_orc_community_town_hall, layout_caves,
          grunt_orc_community_big_house_2, grunt_orc_community_big_house_1,
          grunt_orc_community_house_1, grunt_orc_community_house_1,
          grunt_orc_community_house_1, grunt_orc_community_house_1,
          grunt_orc_community_house_3, grunt_orc_community_house_3

Skill      XL: |  1  2  3  4  5  6  7  8  9 10 11 12 13 14 15 |
---------------+----------------------------------------------+-----
Long Blades    | 4 5 6 8 9 11 13 14 | 14.1
Fighting       | 4 5 6 7 9 11 14 15 17 19 | 19.8
Armour         | 3 4 6 7 9 10 12 14 16 | 16.2
Shields        | 1 2 3 4 |  4.1
Dodging        | 3 4 5 6 8 |  8.7
Slings         | 3 4 7 8 9 11 | 11.4
Evocations     | 2 5 6 |  6.0

Action                   |  1- 3 |  4- 6 |  7- 9 | 10-12 | 13-15 | 16-18 || total
-------------------------+-------+-------+-------+-------+-------+-------++-------
Melee: Falchion          |    80 |    83 |   403 |   532 |       |       ||  1098
       Headbutt          |    15 |    18 |    99 |   249 |   360 |    22 ||   763
       Scimitar          |       |       |       |   275 |  1094 |    66 ||  1435
 Fire: Hunting sling     |       |       |    15 |    46 |       |       ||    61
Invok: Berserk           |     1 |     2 |     4 |     8 |     3 |       ||    18
       Trog's Hand       |       |       |       |     3 |     1 |       ||     4
  Use: Scroll            |     5 |     1 |     4 |     3 |     7 |       ||    20
       Potion            |       |       |       |       |       |     2 ||     2
 Stab: Sleeping          |     1 |       |       |       |       |       ||     1
       Petrified         |       |       |       |       |    14 |       ||    14
Armor: Animal skin       |     3 |       |       |       |       |       ||     3
       Chain mail        |    38 |    32 |   130 |       |       |       ||   200
       Scale mail        |       |       |    53 |   222 |       |       ||   275
       Crystal plate arm |       |       |       |    31 |   728 |    38 ||   797
       Skin              |       |       |       |       |       |     4 ||     4
Dodge: Dodged            |    42 |    28 |   160 |   321 |   662 |    22 ||  1235
Block: Buckler           |     3 |    12 |    72 |   118 |   225 |     8 ||   438
       Rpst.: Falchion   |    15 |     6 |    51 |    43 |       |       ||   115
       Scimitar          |       |       |       |    31 |   146 |     6 ||   183
